AoeStats
← John Hawkwood

Arabia

509734379Analyzed
1v1 RM · 4d ago on Sep 27, 2026· 36m 6s· 2 players
Game mode
Random Map
Map size
Tiny (2 player)
Population
200
Speed
Normal
Resources
Standard
Victory
Conquest
Starting age
Dark Age
Ending age
Imperial Age
RankedLock teamsTeams togetherTeam positionsShared explorationLock speedFull tech treeHidden civsTurbo modeCheats
Victory
Defeat
🇧🇪 Saxons · Belgium
1027
+15
🇺🇸 Mongols · United States
1009
-15
John Hawkwood
5:34 Loom
11:02 Feudal Age
12:17 Double-Bit Axe
17:26 Bloodlines
23:25 Castle Age
22:26 Forging
25:35 Husbandry
25:44 Scale Barding Armor
25:38 Horse Collar
26:10 Bow Saw
31:52 Fletching
32:51 Crossbowman
34:13 Padded Archer Armor
35:23 Thumb Ring
Royal Yakuza
5:22 Loom
10:19 Feudal Age
11:58 Double-Bit Axe
12:17 Horse Collar
14:41 Wheelbarrow
15:37 Scale Barding Armor
22:20 Castle Age
22:17 Stone Mining
22:18 Gold Mining
23:17 Bow Saw
23:08 Heavy Plow
24:24 Gold Shaft Mining
24:03 Forging
24:14 Husbandry
25:16 Pikeman
26:00 Scale Mail Armor
27:36 Hand Cart
27:53 Fletching
28:06 Town Watch
31:12 Squires
31:28 Arson
35:21 Imperial Age
33:54 Gambesons
36:25 Iron Casting
36:34 Conscription
36:32 Chain Mail Armor
Connection lost

Rejoining the realm…

Still unreachable

The connection could not be restored.

Session expired

The server has moved on; the page needs a fresh start.